 Dungeon Crawl Stone Soup version 0.30.1-11-g7821555f0a (webtiles) character file.

Game seed: 16999459846768215405

137 Nonny the Slasher (level 5, -30/41 HPs)
             Began as a Merfolk Monk on Nov 27, 2023.
             Killed by an exploding orc priest (32 damage)
             ... ignited by their inner flame
             ... on level 4 of the Dungeon.
             The game lasted 00:08:39 (2549 turns).

Nonny the Slasher (Merfolk Monk)                    Turns: 2549, Time: 00:08:40

Health: -30/41     AC:  8    Str: 12    XL:     5   Next: 20%
Magic:  5/5        EV: 11    Int: 15    God:
Gold:   115        SH:  0    Dex: 18    Spells: 4/4 levels left

rFire   . . .        a - +0 falchion
rCold   + . .        d - orb {light}
rNeg    . . .        n - +1 scale mail {rC+}
rPois   .            (no helmet)
rElec   .            h - +0 cloak
rCorr   .            (no gloves)
SInv    .            (no boots)
Will    .....        w - amulet of regeneration Stlth
                     b - +6 ring of intelligence
HPRegen 1.06/turn    (no ring)
MPRegen 0.09/turn

%: no passive effects
@: confused, ambrosia-drunk, attractive, glowing
A: (nimble swimmer 2), mertail
a: no special abilities


You were on level 4 of the Dungeon.
You visited 2 branches of the dungeon, and saw 5 of its levels.

You collected 115 gold pieces.

Inventory:

Hand Weapons
 a - a +0 falchion (weapon)
Missiles
 e - 4 curare-tipped darts (quivered)
 p - 16 stones
Armour
 d - an orb of light (worn)
 h - a +0 cloak (worn)
 n - a +1 scale mail of cold resistance (worn)
 r - a +0 tower shield
Jewellery
 b - a +6 ring of intelligence (left hand)
 j - a ring of ice
 w - an amulet of regeneration (around neck)
Scrolls
 i - a scroll of poison
 s - 2 scrolls of immolation
 v - a scroll of blinking
Potions
 c - a potion of ambrosia
 f - a potion of attraction
 k - a potion of degeneration {unknown}
 l - 2 potions of haste {unknown}
 m - a potion of heal wounds {unknown}
 o - a potion of curing {unknown}
 u - 2 potions of flight {unknown}


   Skills:
 - Level 3.2 Fighting
 + Level 5.8 Long Blades
 + Level 4.7 Dodging
 * Level 2.5 Stealth


You had 4 spell levels left.
You didn't know any spells.
Your spell library contained the following spells:

 Spells                   Type           Power      Damage    Failure   Level
 Kiss of Death            Conj/Necr      0%         2d5       83%         1
 Sublimation of Blood     Necr           0%         N/A       92%         2
 Wereblood                Tmut           0%         N/A       92%         2
 Confusing Touch          Hex            0%         N/A       99%         3
 Dispel Undead            Necr           0%         3d6       100%        4
 Summon Hydra             Summ           0%         N/A       100%        7


Dungeon Overview and Level Annotations

Branches:
Dungeon (4/15)             Temple (1/1) D:4

Altars:
Ashenzari
Elyvilon
Gozag
Hepliaklqana
Kikubaaqudgha
Okawaru
Qazlal
Ru
Sif Muna
Uskayaw
Vehumet
Xom
Yredelemnul
Zin
The Shining One


Innate Abilities, Weirdness & Mutations

((You are very nimble when in or above water. (Stealth+, EV+, Speed+++)))
Your lower body shifts to a powerful aquatic tail in water.


Message History

As you read the scroll labelled LEIROR CUFU, it crumbles to dust.
It is a scroll of identify.
f - 2 potions of attraction
As you read the scroll labelled ZYALASUAR, it crumbles to dust.
The creatures around you are filled with an inner flame!
It was a scroll of immolation.
The orc priest mumbles some strange prayers to Beogh against you.
Beogh smites you!
Really read the scroll of poison?
The air fills with toxic fumes!
As you read the scroll of poison, it crumbles to dust.
Unknown command.
Okay, then.
Really quaff the potion of attraction?
You feel attractive to monsters. The orc priest is attracted toward you.
The orc is attracted toward you. The orc priest is attracted toward you.
Unknown command.
You are confused.
You feel invigorated.
The orc priest is poisoned.
The orc priest hits you but does no damage.
The orc priest is engulfed in poison gas.
The orc priest is poisoned.
Flame seeps out of the orc priest.
Unknown command.
Flame seeps out of the orc priest. x2
The orc priest is engulfed in poison gas.
The orc priest looks even sicker.
Flame seeps out of the orc priest.
The orc priest barely misses you.
The orc priest is engulfed in poison gas.
The orc priest looks even sicker.
The orc priest explodes!
The fiery explosion engulfs the orc priest!!
The fiery explosion engulfs you!!!
Ouch! That really hurt!
* * * LOW HITPOINT WARNING * * *
The fiery explosion engulfs the orc!!
The orc explodes!
The orc priest explodes!
The fiery explosion engulfs you!!
Ouch! That really hurt!
You die...

.§§§§§§§ .§§§§§....#
.§§§§§....# #§§§# ...#
.. § #§§§# ...# #.#
§§§###§§§###§§# #.# ###
§§§§§§§§§§§§§§# #.# #..
§§§§§§§@§§§§§§####.###.#
§§§§§§§§§§§§§§§.........
§§§###§§§###§§####.#...#
# #§§§#...#§......#'#
#§§§#...#<###...'_'
.§§§§§...#######.#'#
..§§§§§..............
.§§#§#############... #.
#........


There were no monsters in sight!

Vanquished Creatures
  2 orc priests (D:4)
  Terence (D:2)
  A gnoll (D:1)
  5 adders
  2 dart slugs
  An orc (D:4)
  5 endoplasms
  5 giant cockroaches
  5 goblins
  8 hobgoblins
  A quokka (D:3)
  6 ball pythons
  3 bats (D:3)
  3 frilled lizards
  4 kobolds
  4 rats
56 creatures vanquished.

Notes
Turn   | Place    | Note
-------+----------+-------------------------------------------
     0 | D:1      | Nonny the Merfolk Monk began the quest for the Orb.
     0 | D:1      | Reached XP level 1. HP: 18/18 MP: 1/1
    41 | D:1      | amulet of faith north of starting vault
    53 | D:1      | Found a faded altar of an unknown god.
   135 | D:1      | Reached XP level 2. HP: 24/24 MP: 2/2
   264 | D:1      | Staff of air in northwest vault.
   304 | D:1      | Reached skill level 4 in Long Blades
   336 | D:1      | Reached skill level 1 in Stealth
   381 | D:1      | Reached XP level 3. HP: 23/29 MP: 3/3
   703 | D:2      | Noticed Terence
   723 | D:2      | Killed Terence
   724 | D:2      | Reached skill level 5 in Long Blades
   724 | D:2      | Reached XP level 4. HP: 27/35 MP: 4/4
   727 | D:2      | +1 scale mail of cold resistance on Terence
  1681 | D:3      | amulet of reflection
  1689 | D:3      | tower shield
  1882 | D:3      | Noticed a +0 short sword
  1882 | D:3      | Noticed a +0 short sword
  1883 | D:3      | Noticed a +0 falchion
  1883 | D:3      | Noticed a +0 spear
  1883 | D:3      | Noticed a +0 dagger
  1883 | D:3      | Noticed a +0 falchion
  1884 | D:3      | Noticed a +0 dagger
  1884 | D:3      | Noticed a +0 spear
  1886 | D:3      | Found a hide-covered altar of Uskayaw.
  2014 | D:3      | Reached XP level 5. HP: 41/41 MP: 5/5
  2309 | D:3      | amulet of regen in southwest
  2370 | D:4      | Found a white marble altar of Elyvilon.
  2384 | D:4      | Identified the +0 robe of the Thirsty Nightcaps {Str-3
                  | Int+7}
  2401 | D:4      | Found a staircase to the Ecumenical Temple.
  2410 | Temple   | Entered the Ecumenical Temple
  2529 | Temple   | Temple: lava triangle
  2549 | D:4      | HP: 2/41 [spore (36)]
  2549 | D:4      | Killed by an exploding orc priest... ignited by their inner
                  | flame

Illustrated notes # ######...#.# #.#.?.#......# #.#.#.#....... ...P.P...[. #.#.#.... #...#..# .#.#.#.#.#..# ...P.PP@....# .#.#P#.#.#.†# #...#..# #########.# ..........# ........#.# ..........######## .................# PPPPPPP.PPPPPPPP.# Turn 41 on D:1: amulet of faith north of starting vault ..................#...# #...###~..~###...#...... #..#...#≈~#...#.######.. #..#.⌠.#≈≈#.⌠.#.# ### #..#...#≈≈#...#.# # #...###~≈≈≈###..##### .. #.....≈~≈≈≈≈........#.# #.....≈≈≈≈≈≈..........# #...###@≈≈~###......### ##.#.|.#≈≈#...#.....### #.#.⌠.#≈≈#.⌠.#......... #.#...#~≈#...#.....#### #..###~..~###......# #..................#... ###..................## ###############...... ...... Turn 264 on D:1: Staff of air in northwest vault. ,,**** *,*,**,*#..##........##.. ,** *,,,,,,*#..##..#.#######. ** ***,****#..##..#.# ## * ###.#####......#.# # * *................# # ** *,#.####.####.#### ## ,** #,*...##.# #.# ##. ,,** #.###.##.## #.### ##.. ,,,***###.......@.# #[#.## ##... ,,,>**...........<###....####.... ,,,,,,*##...................+.... ,,,,,** ##.##.###.####...####.... ,,,*,* #,...# #.# #...## ##... ,,**,** *#.#### #.# #.### ##.. ,****,**#.** #.# #.##########. ** **,..,******#.# #.##....).... * **.*,,,,,,,..# #.##.######.. Turn 727 on D:2: +1 scale mail of cold resistance on Terence # ..####### ####### ........# #.....# ........######.###.# ...............# #.# .....>...#...### #<# .......@...#.# ### .........#.....# .#.....#.#..##.# #.#...#.#.....# .. #.....###.### . ..)..... .# ..##....# ## #. ...#.# Turn 1681 on D:3: amulet of reflection ........######.###.# ...............# #.# .....>...#...### #<# ...........#.# ### .........#.....# .#.....#.#..##.# #.#...#.#.....# ...#.....###.### .#..).....@..# ..##....##### #.....#.# ........# ......### ...... ....# .. Turn 1689 on D:3: tower shield #..............##.......... #..............##.......... #..............##....####.. #..............##....# ### #######........##....# #........##....# #........##....# #........##....# #...@....##....# ###########....# ###### Turn 2309 on D:3: amulet of regen in southwest

§≈≈≈≈≈≈≈§§§≈§§≈≈≈§≈§§§§§≈≈≈§≈≈§≈≈
§§≈≈≈§≈≈§§§≈≈§§§≈≈≈≈≈≈≈≈≈§≈§≈§≈≈≈
§§§§§§§≈≈≈§§≈≈§§§≈≈§§≈≈≈≈≈§≈≈≈≈≈≈
§§§..§.......§.§..........§..§...
§.§..............................
§...............§................
......._................._.......
.................................
................@................
._.........._...⌠..._.........._.
.................................
§.............................§§.
≈...............................≈
§§......_....._..._....._....§§≈≈
≈§§...........................§≈§
§§§≈........................§§≈≈≈
≈≈§≈§......................§§≈§§≈


Turn 2529 on Temple: Temple: lava triangle

Levels and vault maps discovered:
D:1:      roderic_crop_circles_arrival_small, layout_rooms,
          shapermc_ecumenical_altar_mp_urbaneastern, fountainhead,
          minmay_tetromino_t4
D:2:      layout_loops_corners, bh_walls_and_bars, uniq_terence
D:3:      layout_basic, nicolae_uskayaw_en_pointe
D:4:      layout_basic, kennysheep_mini, minmay_temple_entry_junction_2,
          serial_bayou_lagoon_b
Temple:   compressed_dpeg_triangle_lava_temple

Skill      XL: |  1  2  3 |
---------------+----------+-----
Long Blades    | 4 5 |  5.8
Stealth        | 1 2 |  2.5
Fighting       | |  3.2
Dodging        | |  4.7

Action                     |  1- 3 |  4- 6 || total
---------------------------+-------+-------++-------
  Melee: Falchion          |    75 |    95 ||   170
    Use: Scroll            |     4 |     3 ||     7
         Potion            |       |     2 ||     2
 Armour: Robe              |     2 |       ||     2
         Ring mail         |     5 |       ||     5
         Scale mail        |       |    41 ||    41
  Dodge: Dodged            |    38 |    36 ||    74
  Block: Orb               |       |    13 ||    13
         Reflection        |       |     1 ||     1
